 Dungeon Crawl Stone Soup version 0.32-a0-765-gfba4d74c8c (webtiles) character file.

Game seed: 514644712349453651

1 GordonOverkill the Sneak (level 1, -7/18 HPs)
             Began as a Demonspawn Delver on Mar 18, 2024.
             Mangled by a mummy (14 damage)
             ... in an ossuary.
             The game lasted 00:02:03 (320 turns).

GordonOverkill the Sneak (Demonspawn Delver)         Turns: 320, Time: 00:02:03

Health: -7/18      AC:  3    Str: 12    XL:     1   Next: 16%
Magic:  1/1        EV: 10    Int: 10    God:
Gold:   0          SH:  0    Dex: 14    Spells: 0/0 levels left

rFire   . . .        a - +0 hand axe
rCold   . . .        (no shield)
rNeg    . . .        b - +0 leather armour
rPois   .            (no helmet)
rElec   .            (no cloak)
rCorr   .            (no gloves)
SInv    .            (no boots)
Will    .....        e - amulet of magic regeneration
Stlth   ++           (no ring)
HPRegen 0.23/turn    (no ring)
MPRegen 0.47/turn

%: no passive effects
@: hasted, very quick
A: no striking features
a: no special abilities


You were in an ossuary.
You visited 1 branch of the dungeon, and saw 2 of its levels.
You also visited: Ossuary.

Inventory:

Hand Weapons
 a - a +0 hand axe (weapon)
Armour
 b - a +0 leather armour (worn)
 i - a +0 chain mail
Jewellery
 e - an amulet of magic regeneration (around neck)
Wands
 g - a wand of digging (2)
Scrolls
 c - 2 scrolls of fog
 j - 2 scrolls of teleportation {unknown}
Potions
 f - a potion of haste


   Skills:
 - Level 3.0 Fighting
 + Level 1.9 Axes
 - Level 1.7 Dodging
 - Level 4.5 Stealth


You couldn't memorise any spells.
You didn't know any spells.
Your spell library was empty.

Dungeon Overview and Level Annotations

Branches:
Dungeon (6/15)            Ossuary (1/1)
 Temple: D:4-7

Altars:


Message History

A mummy and a kobold zombie come into view.
Found four items.
You close the large door.
A mummy opens the large door.
There is an open gate here.
There is an open gate here.
You close the gate.
There is a large open door here.
You start waiting.
A mummy opens the gate.
The mummy moves out of view.
You start waiting.
A mummy is nearby!
It was a potion of curing.
You feel better.
It was a potion of heal wounds.
You feel much better.
You feel yourself speed up. The mummy closely misses you.
You hit the mummy.
The mummy is lightly damaged.
You hit the mummy.
The mummy is lightly damaged.
The mummy hits you!
Ouch! That really hurt!
* * * LOW HITPOINT WARNING * * *
You hit the mummy.
The mummy is moderately damaged.
You hit the mummy.
The mummy is heavily damaged.
The mummy closely misses you.
You hit the mummy but do no damage.
The mummy is heavily damaged.
You hit the mummy.
The mummy is severely damaged.
The mummy hits you but does no damage.
You hit the mummy.
The mummy is severely damaged.
You hit the mummy but do no damage.
The mummy is severely damaged.
The mummy hits you!
Ouch! That really hurt!
You die...

###+### ++##
##.....## #
#..###.......###
#...'...^.....'.
###.#.'Z...⌠...Z'.
#@#...'M......M.'.
#M#..###.......###
#.''## ##.....## #
###.# ##'#+##
##.## #...# #.?.#
##.## #?..# #.∩.#
##### #.∩.# #####


You could see a mummy.

Vanquished Creatures
  A kobold zombie (Ossuary)
  An orc zombie (Ossuary)
2 creatures vanquished.

Notes
Turn   | Place    | Note
-------+----------+-------------------------------------------
     0 | D:5      | GordonOverkill the Demonspawn Delver began the quest for
                  | the Orb.
     0 | D:5      | Reached XP level 1. HP: 18/18 MP: 1/1
    83 | D:6      | Noticed an orc wizard
   104 | D:6      | Noticed an acid dragon
   117 | D:6      | Noticed a black bear
   168 | D:6      | Noticed a sleepcap
   190 | D:6      | Noticed a sky beast
   190 | D:6      | Found a sand-covered staircase.
   199 | Ossuary  | Entered an ossuary
   257 | Ossuary  | Noticed a weeping skull
   320 | Ossuary  | Mangled by a mummy

Illustrated notes

Levels and vault maps discovered:
D:5:      layout_loops_cross, mainiacjoe_overflow_big_doors,
          minmay_temple_entry_enclosed_plants, cheibrodos_sewer_entry_drain,
          roderic_serpentine_path
D:6:      minmay_inner_zag, layout_gridville, nicolae_ossuary_entry_monument,
          sigmund_army
Ossuary:  ossuary_crypta

Action                     || total
---------------------------++-------
  Melee: Hand axe          ||    16
  Evoke: Wand              ||     1
    Use: Potion            ||     3
         Scroll            ||     2
   Stab: Sleeping          ||     1
 Armour: Leather armour    ||     5
  Dodge: Dodged            ||     5

Table legend: (Time is in decaauts)
 A = Elapsed time spent in this place.
 B = Non-inter-level travel time spent in this place.
 C = Inter-level travel time spent in this place.
 D = Time resting spent in this place.
 E = Time spent auto-exploring this place.
 F = Levels seen in this place.
 G = Mean time per level.
                   A        B        C        D        E       F      G
               +--------+--------+--------+--------+--------+-----+--------+
         Total |    320 |    320 |      0 |     27 |      0 |   3 |  106.7 |
       Dungeon |    198 |    198 |      0 |      0 |      0 |   2 |   99.0 |
       Ossuary |    121 |    121 |      0 |     27 |      0 |   1 |  121.0 |
               +--------+--------+--------+--------+--------+-----+--------+

Top non-repeatable levels by time:
     D:6: 197 daAuts
 Ossuary: 121 daAuts
     D:5: 1 daAuts
